 Dungeon Sprint DCSS version 0.30.1-11-g7821555f0a (webtiles) character file.

Game seed: 13479407262831510831

6227 Groucho the Fighter (level 10, 0/104 HPs)
             Began as a Minotaur Fighter on Nov 13, 2023.
             Was a High Priest of Makhleb.
             Slain by a cane toad (10 damage)
             ... in the Dungeon (Sprint IX: "|||||||||||||||||||||||||||||").
             The game lasted 00:03:31 (1696 turns).

Groucho the Fighter (Minotaur Fighter)              Turns: 1696, Time: 00:03:32

Health: 0/104      AC: 15    Str: 28    XL:     10   Next: 61%
Magic:  14/14      EV: 12    Int:  5    God:    Makhleb [*****.]
Gold:   0          SH:  7    Dex: 13    Spells: 9/9 levels left

rFire   . . .        n - +3 war axe (heavy)
rCold   . . .        c - +0 buckler
rNeg    . . .        o - +1 chain mail
rPois   .            (helmet restricted)
rElec   .            (no cloak)
rCorr   .            a - +0 pair of gloves
SInv    .            (no boots)
Will    .....        (no amulet) Stlth
                     b - +3 ring of strength
HPRegen 0.37/turn    p - +3 ring of dexterity
MPRegen 0.14/turn

%: no teleportation
@: no status effects
A: horns 2, retaliatory headbutt
a: Renounce Religion, Minor Destruction, Lesser Servant of Makhleb, Major
Destruction, Greater Servant of Makhleb


You were in the Dungeon.
You worshipped Makhleb.
Makhleb was extremely pleased with you.
You visited 1 branch

Inventory:

Hand Weapons
 m - a +2 morningstar of protection
 n - a +3 heavy war axe (weapon)
Armour
 a - a +0 pair of gloves (worn)
 c - a +0 buckler (worn)
 o - a +1 chain mail (worn)
Jewellery
 b - a +3 ring of strength (left hand)
 p - a +3 ring of dexterity (right hand)
Wands
 l - a wand of quicksilver (10)
Scrolls
 j - 4 scrolls of blinking
 k - 2 scrolls of amnesia
 t - 2 scrolls of identify
 u - 3 scrolls of fog
 v - 2 scrolls of enchant weapon
Potions
 d - a potion of might
 e - 5 potions of curing
 g - a potion of haste
 h - 4 potions of magic
 i - a potion of resistance
 q - a potion of brilliance
 s - a potion of ambrosia


   Skills:
 * Level 14.5 Fighting
 * Level 14.3 Axes
 * Level 14.5 Armour
 + Level 8.0 Dodging
 * Level 14.4 Shields
 + Level 7.2 Invocations


You had 9 spell levels left.
You didn't know any spells.
Your spell library was empty.

Dungeon Overview and Level Annotations

Branches:
Dungeon (1/1)

Altars:
Cheibriados
Dithmenos
Elyvilon
Fedhas
Gozag
Hepliaklqana
Kikubaaqudgha
Makhleb
Nemelex Xobeh
Okawaru
Qazlal
Ru
Sif Muna
Trog
Uskayaw
Vehumet
Wu Jian
Xom
Yredelemnul
Zin
The Shining One
Jiyva
Lugonu


Innate Abilities, Weirdness & Mutations

You have a pair of horns on your head.
You reflexively headbutt those who attack you in melee.


Message History

The cane toad misses you. You furiously retaliate!
You headbutt the cane toad. You block the boulder beetle's attack.
You cut the boulder beetle into ribbons!!!
The boulder beetle is heavily wounded.
You closely miss the cane toad. You block the cane toad's attack.
The boulder beetle closely misses you. You furiously retaliate!
You headbutt the boulder beetle!
Unknown command.
Unknown command.
You slice the boulder beetle!!
You kill the boulder beetle!
Makhleb accepts your kill.
You feel better.
You slash the cane toad! You block the cane toad's attack.
The cane toad stings you.
* * * LOW HITPOINT WARNING * * *
You are poisoned.
The cane toad poisons you!
Your Dodging skill increases to level 8!
Unknown command.
Unknown command.
You closely miss the cane toad. You headbutt the cane toad.
The cane toad is heavily wounded.
You feel very sick. The cane toad stings you!
* * * LOW HITPOINT WARNING * * *
You are more poisoned.
The cane toad poisons you!
Unknown command.
You feel better.
The cane toad stings you but does no damage.
The cane toad closely misses you.
You slash the cane toad!
The cane toad is almost dead.
The cane toad stings you.
* * * LOW HITPOINT WARNING * * *
Unknown command.
You barely miss the cane toad.
The cane toad is almost dead.
The cane toad stings you!
You die...

▓▓▓▓▓▓▓▓▓▓▓▓▓▓▓▓▓▓▓▓▓▓▓▓
(......'.......†@FSFYFF.
▓▓▓▓▓▓▓▓▓▓▓▓▓▓▓▓▓▓▓▓▓▓▓▓▓▓▓▓▓▓▓▓▓
.................................
▓▓▓▓▓▓▓▓▓▓▓▓▓▓▓▓▓▓▓▓▓▓▓▓▓▓▓▓▓▓▓▓▓
..'________________________'..)..
▓▓▓▓▓▓▓▓▓▓▓▓▓▓▓▓▓▓▓▓▓▓▓▓▓▓▓▓▓▓▓▓▓


You could see a yak, 4 cane toads and a water moccasin.

Vanquished Creatures
  5 hydras (D)
  A boulder beetle (D)
  A cyclops (shapeshifter) (D)
  A cane toad (D)
  A rime drake (D)
  An unseen horror (D)
  A tengu conjurer (D)
  A wyvern (D)
  3 yaks (D)
  An acid dragon (D)
  An orc warrior (D)
  A black bear (D)
  An ice beast (D)
  A centaur (D)
  A phantom (D)
  A bullfrog (D)
  A scorpion (D)
  2 howler monkeys (D)
  An orc wizard (D)
  A dart slug (D)
  An orc (D)
  A ball python (D)
  A goblin (D)
  A bat (D)
  A frilled lizard (D)
  A rat (D)
33 creatures vanquished.

Notes
Turn   | Place    | Note
-------+----------+-------------------------------------------
     0 | D        | Groucho the Minotaur Fighter began the quest for the Orb.
     0 | D        | Reached XP level 1. HP: 19/19 MP: 0/0
    21 | D        | Noticed a phantom
    21 | D        | Noticed an ice beast
    21 | D        | Noticed a scorpion
    28 | D        | Killed a phantom
    29 | D        | Reached skill level 5 in Axes
    29 | D        | Reached XP level 2. HP: 23/30 MP: 1/1
    29 | D        | Reached XP level 3. HP: 28/37 MP: 2/2
    29 | D        | Reached XP level 4. HP: 34/44 MP: 3/3
    37 | D        | Killed an ice beast
    38 | D        | Reached XP level 5. HP: 52/52 MP: 4/4
    49 | D        | Found a snail-covered altar of Cheibriados.
    49 | D        | Found a shadowy altar of Dithmenos.
    49 | D        | Found a white marble altar of Elyvilon.
    49 | D        | Found a blossoming altar of Fedhas.
    49 | D        | Found an opulent altar of Gozag.
    50 | D        | Found a hazy altar of Hepliaklqana.
    51 | D        | Found a viscous altar of Jiyva.
    52 | D        | Found an ancient bone altar of Kikubaaqudgha.
    53 | D        | Found a corrupted altar of Lugonu.
    54 | D        | Found a burning altar of Makhleb.
    55 | D        | Found a sparkling altar of Nemelex Xobeh.
    56 | D        | Found an iron altar of Okawaru.
    57 | D        | Found a stormy altar of Qazlal.
    58 | D        | Found a sacrificial altar of Ru.
    59 | D        | Found a shimmering blue altar of Sif Muna.
    60 | D        | Found a bloodstained altar of Trog.
    61 | D        | Found a hide-covered altar of Uskayaw.
    62 | D        | Found a radiant altar of Vehumet.
    63 | D        | Found an ornate altar of the Wu Jian Council.
    64 | D        | Found a shimmering altar of Xom.
    68 | D        | Became a worshipper of Makhleb the Destroyer
    72 | D        | Found a basalt altar of Yredelemnul.
    73 | D        | Found a glowing silver altar of Zin.
    74 | D        | Found a glowing golden altar of the Shining One.
   121 | D        | Noticed a centaur
   121 | D        | Noticed a yak
   121 | D        | Noticed an orc warrior
   123 | D        | Killed a centaur
   124 | D        | Reached skill level 1 in Dodging
   124 | D        | Reached skill level 1 in Invocations
   124 | D        | Reached XP level 6. HP: 59/62 MP: 5/5
   133 | D        | Killed an unseen horror
   134 | D        | Reached XP level 7. HP: 24/70 MP: 5/8
   135 | D        | Killed a yak
   135 | D        | Reached * piety under Makhleb
   136 | D        | Reached skill level 10 in Fighting
   136 | D        | Reached skill level 10 in Armour
   139 | D        | Reached skill level 10 in Shields
   147 | D        | Reached ** piety under Makhleb
   148 | D        | Reached skill level 10 in Axes
   441 | D        | Noticed a seven-headed hydra
   441 | D        | Noticed a tengu conjurer
   441 | D        | Noticed a six-headed hydra
   441 | D        | Noticed a cyclops
   451 | D        | Killed a seven-headed hydra
   452 | D        | Reached skill level 5 in Dodging
   452 | D        | Reached XP level 8. HP: 30/82 MP: 8/10
   457 | D        | Killed a six-headed hydra
   458 | D        | Reached skill level 5 in Invocations
   459 | D        | Reached XP level 9. HP: 25/90 MP: 9/11
   461 | D        | Killed a cyclops
   461 | D        | Reached *** piety under Makhleb
   469 | D        | Killed a tengu conjurer
   987 | D        | Noticed a boulder beetle
   987 | D        | Noticed a cane toad
   990 | D        | Reached **** piety under Makhleb
   992 | D        | Noticed a four-headed hydra
   995 | D        | Noticed a rime drake
  1005 | D        | Killed a six-headed hydra
  1006 | D        | Killed a cane toad
  1006 | D        | Reached ***** piety under Makhleb
  1007 | D        | Reached XP level 10. HP: 81/101 MP: 13/13
  1671 | D        | Noticed a five-headed hydra
  1671 | D        | Noticed a cane toad
  1671 | D        | Noticed a cane toad
  1671 | D        | Noticed a seven-headed hydra
  1671 | D        | Noticed a boulder beetle
  1682 | D        | Killed a five-headed hydra
  1684 | D        | Noticed a cane toad
  1688 | D        | Noticed a cane toad
  1689 | D        | Killed a seven-headed hydra
  1692 | D        | Killed a boulder beetle
  1696 | D        | Slain by a cane toad

Illustrated notes

Levels and vault maps discovered:
D:        linesprint [early_d, line_temple, items_1, d_10, items_2, lair_1,
          lair_end, items_3, orc_1, orc_end, items_4, d_15, swamp_1, shoals_1,
          snake_1, spider_1, d_20, vaults_1, items_5, swamp_end, shoals_end,
          snake_end, spider_end, vaults_end, d_27, items_6, zot_1, zot_end,
          crypt_end, forest_end, elf_end, slime_end, tomb_end, abyss_end,
          pan_hell_end]

Skill      XL: |  1  2  3  4  5  6  7  8  9 10 |
---------------+-------------------------------+-----
Fighting       | 6 7 8 9 11 13 14 | 14.5
Armour         | 6 7 8 9 11 12 13 14 | 14.5
Shields        | 6 7 8 9 11 13 14 | 14.4
Axes           | 5 6 8 9 11 13 14 | 14.3
Dodging        | 1 3 5 7 8 |  8.0
Invocations    | 1 2 4 5 6 7 |  7.2

Action                     |  1- 3 |  4- 6 |  7- 9 | 10-12 || total
---------------------------+-------+-------+-------+-------++-------
  Melee: War axe           |    17 |    25 |    28 |     5 ||    75
         Headbutt          |     2 |     5 |    16 |     7 ||    30
         Morningstar       |       |       |    23 |    23 ||    46
    Use: Potion            |       |     2 |     5 |     2 ||     9
   Stab: Invisible         |       |       |     2 |       ||     2
 Armour: Scale mail        |     8 |     5 |       |       ||    13
         Chain mail        |       |    20 |    87 |    46 ||   153
  Dodge: Dodged            |     5 |     6 |    66 |    30 ||   107
  Block: Buckler           |     2 |     7 |    39 |    19 ||    67
